[Event "Titled Tuesday Blitz January 03 Early 2023"]
[White "Liu, Kelsey"]
[Black "Forgacs, Attila Jr."]
[WhiteFideId "30944481"]
[BlackFideId "773654"]
[WhiteElo "2065"]
[BlackElo "2264"]
[Result "0-1"]
[Round "08"]
[TimeControl "180+2"]
[Date "2023.01.03"]
[WhiteClock "0:00:05"]
[BlackClock "0:00:22"]

1. e4 e5 2. Nf3 Nc6 3. Bb5 a6 4. Bxc6 dxc6 5. O-O Bg4 6. h3 Bh5 7. Nc3 Bd6 8. d4 Bxf3 9. gxf3 Qh4 10. d5 Qxh3 11. dxc6 bxc6 12. Qd3 h5 13. f4 exf4 14. Qxh3 g5 15. Qf5 Ne7 16. Qf6 Rg8 17. e5 Bc5 18. Ne4 Bb6 19. e6 fxe6 20. Qxe6 Rg6 21. Nf6+ Kf8 22. Nd7+ Ke8 23. Nf6+ Kf8 24. Bd2 g4 25. Bb4 c5 26. Bc3 g3 27. Nh7+ Ke8 28. fxg3 Rxe6 29. gxf4 c4+ 30. Kh2 Re2+ 31. Kh3 Rd8 32. Rae1 Rxe1 33. Rxe1 Kf7 34. Ng5+ Ke8 35. f5 Kd7 36. f6 Ng6 37. Rd1+ Kc8 38. Rxd8+ Kxd8 39. f7 Ke7 40. Bb4+ c5 41. Bc3 Bc7 42. Bg7 Be5 43. f8=Q+ Nxf8 44. Bxe5 Ng6 45. Bg3 Kf6 46. Bf2 Kxg5 47. Bxc5 Nf4+ 48. Kg3 Ne2+ 49. Kf2 Nf4 50. Kg3 Ne6 51. Be3+ Kf5 52. Kh4 Kg6 53. c3 Ng7 54. b3 Nf5+ 0-1


[Site "https://www.chess.com"]

[Event "Titled Tuesday Blitz January 03 Early 2023"]
[White "Sanchez, Robert"]
[Black "Zainullina, Nataliya"]
[WhiteFideId "2034360"]
[BlackFideId "4145488"]
[WhiteElo "1966"]
[BlackElo "2099"]
[Result "1/2-1/2"]
[Round "08"]
[TimeControl "180+2"]
[Date "2023.01.03"]
[WhiteClock "0:00:04"]
[BlackClock "0:00:08"]

1. e4 c6 2. d4 d5 3. e5 Bf5 4. Nf3 e6 5. Be2 c5 6. O-O Nc6 7. c3 c4 8. Re1 Nge7 9. Nbd2 Bg6 10. Nf1 Nf5 11. Ne3 Nxe3 12. Bxe3 Be7 13. Qd2 O-O 14. Bd1 b5 15. Bc2 b4 16. Ng5 bxc3 17. bxc3 Rb8 18. Bxg6 hxg6 19. h4 Ba3 20. Rab1 Qa5 21. Qc2 Ne7 22. h5 Rb6 23. hxg6 Nxg6 24. Qe2 f6 25. Qh5 fxg5 26. Qxg6 Qxc3 27. Bxg5 Qxd4 28. Bf6 Rf7 29. Rbd1 Qc5 30. Re3 c3 31. Rh3 Rxf6 32. exf6 Qf8 33. f7+ Qxf7 34. Rh8+ Kxh8 35. Qxf7 c2 36. Qh5+ Kg8 37. Qe8+ Kh7 38. Qh5+ Kg8 39. Qe8+ Kh7 40. Re1 Rb1 41. Qh5+ Kg8 42. Qe8+ Kh7 43. Qh5+ Kg8 44. Qe8+ Bf8 45. Qxe6+ Kh8 46. Qh3+ Kg8 47. Qe6+ Kh8 48. Qh3+ Kg8 49. Qe6+ 1/2-1/2


[Site "https://www.chess.com"]

[Event "Titled Tuesday Blitz January 03 Early 2023"]
[White "Eisa Mohmood, Alkhoori"]
[Black "Chernov, Mikhail"]
[WhiteFideId "9316116"]
[BlackFideId "24143170"]
[WhiteElo "1095"]
[BlackElo "2205"]
[Result "0-1"]
[Round "08"]
[TimeControl "180+2"]
[Date "2023.01.03"]
[WhiteClock "0:00:02"]
[BlackClock "0:01:21"]

1. d4 d5 2. Nf3 Nc6 3. g3 Bg4 4. Bg2 Qd7 5. h3 Bxf3 6. Bxf3 O-O-O 7. Bg2 e5 8. dxe5 Nxe5 9. O-O Kb8 10. Be3 h5 11. a4 Nc4 12. Bd4 h4 13. b3 Nd6 14. g4 Nf6 15. Bxf6 gxf6 16. Qxd5 f5 17. gxf5 Rg8 18. Nc3 Bg7 19. Nb5 Bxa1 20. Nxd6 cxd6 21. Rxa1 Rc8 22. c4 Rc5 23. Qd4 Rxf5 24. Kh1 Rfg5 25. Bf1 Rg1+ 26. Kh2 Qc6 27. f3 Qc7 28. Qd5 Qb6 0-1


[Site "https://www.chess.com"]

[Event "Titled Tuesday Blitz January 03 Early 2023"]
[White "Makhmudov, Shukhrat"]
[Black "Samunenkov, Ihor"]
[WhiteFideId "14200775"]
[BlackFideId "14187086"]
[WhiteElo "2115"]
[BlackElo "2501"]
[Result "0-1"]
[Round "08"]
[TimeControl "180+2"]
[Date "2023.01.03"]
[WhiteClock "0:00:01"]
[BlackClock "0:00:04"]

1. e4 c5 2. Nf3 Nc6 3. d4 cxd4 4. Nxd4 g6 5. Nxc6 bxc6 6. Qd4 Nf6 7. e5 Nd5 8. Nc3 Nb6 9. e6 f6 10. exd7+ Bxd7 11. a4 e5 12. Qe4 Qc7 13. a5 Nc8 14. f4 Nd6 15. Nb5 Nxb5 16. Bxb5 f5 17. Qc4 Qd6 18. Ba6 Qb4+ 19. c3 Qxc4 20. Bxc4 Bd6 21. fxe5 Bxe5 22. Bh6 O-O-O 23. O-O-O Kc7 24. Rhe1 Rde8 25. Rxe5 Rxe5 26. Bf4 Re8 27. Re1 Kd6 28. h4 c5 29. Kd2 Bc6 30. g3 Be4 31. b4 Kc6 32. b5+ Kb7 33. Bxe5 Rxe5 34. Rf1 Re7 35. Re1 h6 36. Rf1 Bg2 37. Re1 Be4 38. Ke3 g5 39. hxg5 hxg5 40. Kf2 Rh7 41. Ke3 Rh3 42. Rg1 Kc7 43. Kf2 Rh2+ 44. Ke3 Rc2 45. b6+ axb6 46. axb6+ Kxb6 47. Rb1+ Kc7 48. Rb3 Rg2 49. Be2 Rxg3+ 50. Kd2 f4 51. Rb5 Kc6 52. Rb8 f3 53. Bc4 g4 54. Rf8 Rg2+ 0-1


[Site "https://www.chess.com"]

[Event "Titled Tuesday Blitz January 03 Early 2023"]
[White "Van den Dikkenberg, Erik"]
[Black "Ezat, Mohamed"]
[WhiteFideId "1005880"]
[BlackFideId "10600906"]
[WhiteElo "2091"]
[BlackElo "2402"]
[Result "0-1"]
[Round "08"]
[TimeControl "180+2"]
[Date "2023.01.03"]
[WhiteClock "0:01:49"]
[BlackClock "0:02:18"]

1. e4 c6 2. d4 d5 3. exd5 cxd5 4. Bd3 Nc6 5. c3 Qc7 6. f4 Nf6 7. Nf3 Bg4 8. O-O e6 9. Qe1 Bxf3 10. Rxf3 Bd6 11. Qh4 O-O-O 12. b4 Nxd4 13. cxd4 Qxc1+ 14. Rf1 Qe3+ 0-1


[Site "https://www.chess.com"]

[Event "Titled Tuesday Blitz January 03 Early 2023"]
[White "Gavilan Diaz, Mario"]
[Black "Barbot, Pierre"]
[WhiteFideId "2260905"]
[BlackFideId "663727"]
[WhiteElo "2271"]
[BlackElo "2458"]
[Result "0-1"]
[Round "08"]
[TimeControl "180+2"]
[Date "2023.01.03"]
[WhiteClock "0:00:05"]
[BlackClock "0:00:15"]

1. d4 Nf6 2. c4 g6 3. Nc3 d5 4. Nf3 Bg7 5. Bf4 O-O 6. Rc1 c5 7. dxc5 Qa5 8. cxd5 Ne4 9. Be5 Bxe5 10. Nxe5 Nxc3 11. Rxc3 Qxa2 12. Qd2 Rd8 13. Qf4 f6 14. Nd3 Qxd5 15. e4 Qd4 16. Be2 Be6 17. O-O Nc6 18. h4 Bf7 19. h5 gxh5 20. Qg3+ Kh8 21. Nf4 Qxe4 22. Re3 Qf5 23. Bf3 Rg8 24. Qh2 Ne5 25. Bxh5 Bxh5 26. Nxh5 Ng4 27. Qh4 Nxe3 28. fxe3 Qg5 29. Qh3 Rg6 30. Nf4 Rh6 31. Qf3 Rg8 32. Rd1 Qh4 33. Rd7 Qe1+ 34. Qf1 Rh1+ 35. Kxh1 Qxf1+ 36. Kh2 Qf2 37. Rxe7 Qg3+ 38. Kg1 h6 39. Nh5 Qxg2# 0-1


[Site "https://www.chess.com"]

[Event "Titled Tuesday Blitz January 03 Early 2023"]
[White "De Souza, Cristiano Gomes"]
[Black "Shuvalov, Evgenij"]
[WhiteFideId "2151758"]
[BlackFideId "4187237"]
[WhiteElo "2018"]
[BlackElo "2038"]
[Result "0-1"]
[Round "08"]
[TimeControl "180+2"]
[Date "2023.01.03"]
[WhiteClock "0:00:22"]
[BlackClock "0:00:19"]

1. d4 Nf6 2. c4 g6 3. Nc3 d5 4. Bf4 Bg7 5. Nf3 O-O 6. e3 c5 7. dxc5 Ne4 8. Rc1 Nxc3 9. bxc3 Qa5 10. cxd5 Nd7 11. Be2 Bxc3+ 12. Nd2 Nxc5 13. f3 Rd8 14. e4 e6 15. Qc2 Na4 16. O-O exd5 17. Nb3 Qb6+ 18. Kh1 d4 19. Nxd4 Rxd4 20. Be3 Be6 21. Qxa4 Rxa4 22. Bxb6 Bb2 23. Rb1 Rxa2 24. Be3 a5 25. Rfd1 a4 26. Rd2 a3 27. Kg1 Bd4 28. Rxd4 Rxe2 29. Bg5 Rb2 30. Ra1 a2 31. Rdd1 b5 32. Bf6 Rc2 33. Rdc1 Rxc1+ 34. Rxc1 b4 35. Bb2 b3 36. Kf2 Rc8 37. Rxc8+ Bxc8 38. Ke3 Be6 39. Kd4 h5 40. f4 Bg4 41. h3 Be2 42. g3 Bf1 43. Kc3 Bxh3 44. Kxb3 Be6+ 45. Kc3 Kf8 46. Kd4 Ke7 47. Ba3+ Kd7 48. Bb2 Kc6 49. Ke5 Kb5 50. f5 Bc4 51. Kf6 gxf5 52. exf5 Kb4 53. Kg5 Be2 54. Kf6 Bg4 55. Kxf7 Bxf5 56. Kf6 Bg4 57. Ke5 Kb3 58. Ba1 Kc2 59. Kf4 Kb1 60. Be5 a1=Q 61. Bxa1 Kxa1 62. Kg5 Kb1 63. Kh4 Kc2 64. Kg5 Kd2 65. Kf4 Ke2 66. Kg5 Kf2 67. Kh4 Kg2 68. Kg5 Kxg3 69. Kf6 h4 70. Ke5 h3 71. Kd4 h2 0-1


[Site "https://www.chess.com"]

[Event "Titled Tuesday Blitz January 03 Early 2023"]
[White "Lakshmi C"]
[Black "Quinones Garcia, Santiago"]
[WhiteFideId "25035347"]
[BlackFideId "4408497"]
[WhiteElo "1928"]
[BlackElo "2248"]
[Result "0-1"]
[Round "08"]
[TimeControl "180+2"]
[Date "2023.01.03"]
[WhiteClock "0:00:01"]
[BlackClock "0:01:57"]

1. e4 e5 2. Nf3 Nc6 3. Bb5 a6 4. Ba4 Nf6 5. O-O Be7 6. Re1 b5 7. Bb3 O-O 8. h3 Bb7 9. c3 d5 10. exd5 Nxd5 11. d4 exd4 12. Nxd4 Nxd4 13. Qxd4 c5 14. Qg4 c4 15. Bc2 Re8 16. Bh6 Bf6 17. Nd2 Qd6 18. Ne4 Qc6 19. Nxf6+ Qxf6 20. Bg5 Qc6 21. Bf5 Nf6 22. Bxf6 Qxf6 23. Bd7 Re5 24. Rxe5 Qxe5 25. Bf5 Qd5 26. f3 h5 27. Qf4 Re8 28. Be4 Qc5+ 29. Kh2 Bxe4 30. Qxe4 Rxe4 0-1


[Site "https://www.chess.com"]

[Event "Titled Tuesday Blitz January 03 Early 2023"]
[White "Kukula, Pawel"]
[Black "De Arruda, Leandro Formes"]
[WhiteFideId "1115081"]
[BlackFideId "22722009"]
[WhiteElo "2135"]
[BlackElo "1980"]
[Result "1-0"]
[Round "08"]
[TimeControl "180+2"]
[Date "2023.01.03"]
[WhiteClock "0:00:21"]
[BlackClock "0:00:07"]

1. Nc3 d5 2. e4 dxe4 3. Nxe4 Nf6 4. Ng3 e5 5. Bc4 Bd6 6. d3 O-O 7. Nf3 Bg4 8. h3 Bxf3 9. Qxf3 Nc6 10. O-O Na5 11. Nf5 Nxc4 12. dxc4 e4 13. Qe2 Qd7 14. g4 Qe6 15. Bg5 Qe5 16. Nxd6 Qxg5 17. Nxe4 Nxe4 18. Qxe4 h5 19. Qf3 f5 20. Qd5+ Kh8 21. f4 Qh4 22. gxh5 Qxh3 23. Qg2 Qxh5 24. Rf3 Kg8 25. Rh3 Qf7 26. b3 Rad8 27. Qh2 Qf6 28. Re1 Qd4+ 29. Kh1 Kf7 30. Rd3 Qf6 31. Rde3 Qc6+ 32. Kg1 Rh8 33. Re7+ Kg8 34. Qg2 Qxg2+ 35. Kxg2 Rc8 36. Rd7 Rh6 37. Ree7 Rg6+ 38. Kf3 b6 39. Rxc7 Rxc7 40. Rxc7 a5 41. c5 bxc5 42. Rxc5 Ra6 43. Rxf5 g6 44. Rc5 Kg7 45. a4 Kh6 46. Ke4 Kg7 47. Kd5 Ra7 48. Rc6 Rf7 49. Ke5 Re7+ 50. Re6 Rf7 51. c4 Rb7 52. Ra6 Rxb3 53. Rxa5 Rb4 54. Kd5 Kf7 55. Ra7+ Kf6 56. a5 Rb1 57. a6 Rd1+ 58. Kc6 Kf5 59. Rf7+ Ke4 60. a7 Ra1 61. c5 Kd4 62. Rd7+ Ke4 63. Kb7 Rb1+ 64. Kc8 Ra1 65. Kb8 Rb1+ 66. Rb7 Ra1 67. a8=Q Rxa8+ 68. Kxa8 Kxf4 69. Rg7 1-0


[Site "https://www.chess.com"]

[Event "Titled Tuesday Blitz January 03 Early 2023"]
[White "monkins"]
[Black "Ibadov, Dashgyn"]
[BlackFideId "24107514"]
[WhiteElo "2242"]
[BlackElo "2391"]
[Result "0-1"]
[Round "08"]
[TimeControl "180+2"]
[Date "2023.01.03"]
[WhiteClock "0:00:03"]
[BlackClock "0:00:08"]

1. Nf3 d5 2. c4 d4 3. b4 Bg4 4. d3 Bxf3 5. exf3 e5 6. f4 Bxb4+ 7. Bd2 Bxd2+ 8. Qxd2 Nc6 9. g3 exf4 10. Qxf4 Qe7+ 11. Qe4 Qxe4+ 12. dxe4 Nf6 13. Bg2 O-O-O 14. Kd2 Rhe8 15. f3 Ne5 16. Na3 c5 17. h3 Nc6 18. Rhe1 Nh5 19. f4 Nxg3 20. e5 Nh5 21. Rf1 g6 22. Nb5 Ng3 23. Rf2 Nf5 24. Be4 Ne3 25. Rc1 a6 26. Bxc6 bxc6 27. Nd6+ Rxd6 28. exd6 Kd7 29. Kd3 Rb8 30. h4 Rb4 31. h5 Ra4 32. hxg6 hxg6 33. Rb2 Ra3+ 34. Ke2 Kxd6 35. Rb7 Rxa2+ 36. Kf3 Ra3 37. Rxf7 Nxc4+ 38. Kg4 Ne3+ 39. Kg5 d3 40. Rf6+ Kd5 41. Rf8 Ke4 42. Kxg6 d2 43. Rb1 d1=Q 44. Rxd1 Nxd1 45. f5 Rg3+ 46. Kf6 Ne3 47. Ke6 Nxf5 48. Rxf5 Rg6+ 49. Rf6 Rxf6+ 50. Kxf6 c4 0-1


[Site "https://www.chess.com"]

[Event "Titled Tuesday Blitz January 03 Early 2023"]
[White "Ciuffoletti, Paolo"]
[Black "Donskov, Anatoly"]
[WhiteFideId "807630"]
[BlackFideId "24143413"]
[WhiteElo "2106"]
[BlackElo "2279"]
[Result "0-1"]
[Round "08"]
[TimeControl "180+2"]
[Date "2023.01.03"]
[WhiteClock "0:00:02"]
[BlackClock "0:00:18"]

1. e4 c5 2. d4 cxd4 3. c3 Nf6 4. e5 Nd5 5. Qxd4 e6 6. Bc4 Nc6 7. Qe4 Nde7 8. Bg5 Qc7 9. Bxe7 Bxe7 10. Nf3 O-O 11. O-O f5 12. exf6 Bxf6 13. Bd3 g6 14. Nbd2 d5 15. Qe2 e5 16. Bc2 e4 17. Ne1 Bf5 18. Bb3 Qe5 19. Qb5 Rad8 20. Nc2 Bg5 21. Ne3 Bxe3 22. fxe3 Rd7 23. Rf4 a6 24. Qc5 Re8 25. Raf1 Kg7 26. h3 Qe7 27. Qxe7+ Rexe7 28. g4 Be6 29. Bc2 Ne5 30. Kg2 g5 31. Rf6 Nf3 32. Nxf3 Kxf6 33. Nd4+ Kg6 34. Bb3 h6 35. Rf8 Bf7 36. Nf5 Re8 37. Rxe8 Bxe8 38. Kg3 h5 39. a4 h4+ 40. Kg2 Bf7 41. a5 Be6 42. Nd4 Kf7 43. Ba4 Rc7 44. Bc2 Rc5 0-1


[Site "https://www.chess.com"]

[Event "Titled Tuesday Blitz January 03 Early 2023"]
[White "Clawitter, Craig"]
[Black "Szyszylo, Rafal"]
[WhiteFideId "2023105"]
[BlackFideId "1109626"]
[WhiteElo "2050"]
[BlackElo "2091"]
[Result "0-1"]
[Round "08"]
[TimeControl "180+2"]
[Date "2023.01.03"]
[WhiteClock "0:00:07"]
[BlackClock "0:00:22"]

1. e4 d6 2. d4 Nf6 3. Nc3 g6 4. Be3 c6 5. Nf3 b5 6. Bd3 Bg7 7. Qd2 Nbd7 8. a4 b4 9. Ne2 a5 10. Bh6 O-O 11. O-O e5 12. c3 c5 13. Ng3 Ng4 14. Bxg7 Kxg7 15. Bc4 Nb6 16. Bb5 Be6 17. d5 Bc8 18. c4 h6 19. b3 f5 20. Ne1 f4 21. Nh1 g5 22. f3 Nf6 23. Nf2 h5 24. h3 Ra7 25. Ned3 Kh8 26. Ra2 Rg7 27. Rd1 Rfg8 28. Kf1 g4 29. hxg4 hxg4 30. Ke2 Rh7 31. Rh1 Nh5 32. Raa1 Ng3+ 33. Kd1 Nxh1 0-1


[Site "https://www.chess.com"]

[Event "Titled Tuesday Blitz January 03 Early 2023"]
[White "Ardila, Oscar Humberto"]
[Black "Qashashvili, Alexandre"]
[WhiteFideId "4404742"]
[BlackFideId "13600842"]
[WhiteElo "1982"]
[BlackElo "2505"]
[Result "1/2-1/2"]
[Round "08"]
[TimeControl "180+2"]
[Date "2023.01.03"]
[WhiteClock "0:00:08"]
[BlackClock "0:00:05"]

1. d4 c6 2. c4 d5 3. Nf3 Nf6 4. cxd5 cxd5 5. Nc3 Nc6 6. Bf4 e6 7. e3 Bd6 8. Bxd6 Qxd6 9. Be2 O-O 10. O-O h6 11. Rc1 a6 12. Na4 e5 13. dxe5 Nxe5 14. Nd4 Bd7 15. Nc5 b5 16. Nd3 Nxd3 17. Bxd3 Ng4 18. Nf3 Rac8 19. h3 Rxc1 20. Qxc1 Rc8 21. Qd2 Ne5 22. Nxe5 Qxe5 23. Be2 Be6 24. Rd1 Qe4 25. Bd3 Qa4 26. Bb1 Qc4 27. Qd3 Qxd3 28. Bxd3 Kf8 29. Bb1 Ke7 30. Kf1 Rc4 31. Ke1 Rb4 32. Rd2 Rc4 33. Kd1 g6 34. Bd3 Rc6 35. Bb1 Rc5 36. a3 a5 37. Ba2 d4 38. Bxe6 dxe3 39. fxe3 Kxe6 40. Ke2 Rd5 41. Rc2 a4 42. Rc6+ Ke5 43. Rc7 f5 44. Re7+ Kf6 45. Rh7 h5 46. Rh8 Rc5 47. Kd2 Rc4 48. Rb8 Rc5 49. Rb6+ Kg5 50. h4+ Kxh4 51. Rxg6 Rd5+ 52. Ke2 Re5 53. Kf3 Rc5 54. Rb6 Kg5 55. g3 Rd5 56. Rb8 Rd6 57. Rxb5 Rd2 58. e4 Rd3+ 59. Ke2 Rxg3 60. Rxf5+ Kg6 61. Ra5 Rb3 62. Rxa4 Rxb2+ 63. Kf3 h4 64. e5 h3 65. Rh4 h2 66. Ke4 Kg5 67. Rh8 Ra2 68. e6 Rxa3 69. Rxh2 Kf6 70. Kd5 Rd3+ 71. Ke4 Rd1 72. Rh6+ Ke7 73. Ke5 Re1+ 74. Kf5 Rf1+ 75. Ke5 Re1+ 76. Kd5 Rd1+ 77. Ke4 Ke8 78. Rh7 Rg1 79. Kf5 Re1 80. Kf6 Rf1+ 81. Ke5 Re1+ 82. Kd6 Rd1+ 83. Kc6 Rd2 84. Kc5 Rd1 85. Kc6 Rd2 86. Kc7 Rd1 87. Rd7 Rc1+ 88. Kd6 Rd1+ 89. Kc7 Rc1+ 90. Kd6 Rd1+ 91. Kc7 1/2-1/2


[Site "https://www.chess.com"]

[Event "Titled Tuesday Blitz January 03 Early 2023"]
[White "Fernandez Hernandez, Gerardo"]
[Black "Vasques, Antonio Pedro Freixial"]
[WhiteFideId "2207400"]
[BlackFideId "1908332"]
[WhiteElo "2181"]
[BlackElo "2214"]
[Result "0-1"]
[Round "08"]
[TimeControl "180+2"]
[Date "2023.01.03"]
[WhiteClock "0:00:04"]
[BlackClock "0:00:20"]

1. e4 c5 2. d3 g6 3. g3 Bg7 4. Bg2 Nc6 5. f4 d6 6. Nf3 Nf6 7. O-O O-O 8. h3 Ne8 9. g4 f5 10. exf5 gxf5 11. g5 Nc7 12. Nc3 Bd7 13. Be3 b5 14. Qd2 b4 15. Nd1 Nb5 16. Rb1 Rb8 17. Kh1 Qa5 18. Ra1 Ncd4 19. Nh4 Bc6 20. Bxc6 Nxc6 21. Qg2 Qc7 22. g6 h6 23. Qd5+ Kh8 24. Nxf5 e6 25. Qxe6 Rbe8 26. Nxg7 Rxe6 27. Nxe6 Qc8 28. Nxf8 Qxf8 29. Rg1 Qf5 30. g7+ Kg8 31. Nf2 Ncd4 32. Rg2 Nf3 33. Rd1 Nbd4 34. c3 bxc3 35. bxc3 Ne2 36. Ne4 Qxh3+ 0-1


[Site "https://www.chess.com"]

[Event "Titled Tuesday Blitz January 03 Early 2023"]
[White "Prudnykova, Olga"]
[Black "Hernandez Bonilla, Amelia"]
[WhiteFideId "14121093"]
[BlackFideId "3900193"]
[WhiteElo "2268"]
[BlackElo "1960"]
[Result "1-0"]
[Round "08"]
[TimeControl "180+2"]
[Date "2023.01.03"]
[WhiteClock "0:00:07"]
[BlackClock "0:00:01"]

1. e4 c5 2. Nf3 d6 3. Nc3 Nf6 4. e5 dxe5 5. Nxe5 Nbd7 6. d4 cxd4 7. Qxd4 e6 8. Bb5 a6 9. Bxd7+ Nxd7 10. Bf4 Bc5 11. Qc4 b5 12. Qe4 Ra7 13. Nc6 Qb6 14. Nxa7 Bxf2+ 15. Ke2 Qxa7 16. Rhf1 Bb6 17. Bd6 Nf6 18. Qe5 Bd4 19. Qg5 Rg8 20. Rad1 b4 21. Qf4 Bxc3 22. bxc3 Nd5 23. Rxd5 exd5 24. Qxb4 a5 25. Qb5+ Qd7 26. Qxd5 Ba6+ 27. c4 Qe6+ 28. Qxe6+ fxe6 29. Kd3 Kd7 30. Be5 Ke7 31. Rb1 Rc8 32. Bxg7 Bxc4+ 33. Kd4 Bxa2 34. Rb7+ Ke8 35. c3 Bd5 36. Ra7 Rc4+ 37. Kd3 a4 38. Bd4 h5 39. g3 Kf8 40. h4 Kg8 41. Kc2 Rc8 42. Rxa4 Kf7 43. Ra7+ Kg6 44. Rg7+ Kf5 45. Rg5+ Ke4 46. Rxh5 Kf3 47. Rg5 Be4+ 48. Kd2 Ra8 49. c4 Ra2+ 50. Kc3 Rc2+ 51. Kb4 1-0


[Site "https://www.chess.com"]

[Event "Titled Tuesday Blitz January 03 Early 2023"]
[White "Zaichenko, Daria"]
[Black "Fabris, Alberto"]
[WhiteFideId "4197453"]
[BlackFideId "801348"]
[WhiteElo "2104"]
[BlackElo "2230"]
[Result "0-1"]
[Round "08"]
[TimeControl "180+2"]
[Date "2023.01.03"]
[WhiteClock "0:00:01"]
[BlackClock "0:00:49"]

1. e4 c5 2. Nf3 d6 3. d4 cxd4 4. Nxd4 Nf6 5. Nc3 a6 6. Be2 e5 7. Nb3 Be7 8. Be3 Be6 9. O-O Nbd7 10. a4 Qc7 11. Kh1 O-O 12. f4 Bc4 13. Nd5 Nxd5 14. exd5 Bf6 15. fxe5 Nxe5 16. Rxf6 gxf6 17. Bh6 Rfe8 18. Bh5 Bxb3 19. Qf1 Qe7 20. Re1 Bxc2 21. Qe2 Bg6 22. Bf3 Rac8 23. h4 Rc2 24. Qd1 Qc7 25. h5 Bf5 26. Be4 Bxe4 27. Rxe4 Kh8 28. Qf3 Qe7 29. Qf5 Rxb2 30. Re3 Rg8 31. g4 Rb4 32. Rg3 Rbxg4 33. Rxg4 Rxg4 34. Qc8+ Rg8 0-1


[Site "https://www.chess.com"]

[Event "Titled Tuesday Blitz January 03 Early 2023"]
[White "Martinez, Shawn"]
[Black "Cardozo Munar, Carlos Eduardo"]
[WhiteFideId "2039770"]
[BlackFideId "4409477"]
[WhiteElo "1881"]
[BlackElo "2043"]
[Result "0-1"]
[Round "08"]
[TimeControl "180+2"]
[Date "2023.01.03"]
[WhiteClock "0:00:04"]
[BlackClock "0:00:37"]

1. e4 e6 2. d4 d5 3. Bd3 dxe4 4. Bxe4 Nf6 5. Bf3 Nbd7 6. Nc3 Be7 7. Nge2 O-O 8. O-O c5 9. Be3 a6 10. Ne4 Nxe4 11. Bxe4 cxd4 12. Bxd4 Bf6 13. c3 Bxd4 14. Qxd4 Nf6 15. Bf3 Qxd4 16. cxd4 Rb8 17. Rac1 b5 18. Rc7 Rd8 19. Rfc1 h6 20. h3 a5 21. Ra7 a4 22. Rcc7 Rd7 23. Bc6 Rxc7 24. Rxc7 Ba6 25. Nf4 Rb6 26. Nd3 b4 27. Ne5 a3 28. b3 Bb5 29. Bf3 Be8 30. g4 Rd6 31. Rc4 Rb6 32. h4 g5 33. hxg5 hxg5 34. Kf1 Kg7 35. Ke2 Nd7 36. Nd3 f5 37. Rxb4 Rd6 38. gxf5 exf5 39. d5 Bf7 40. Rb7 Kf6 41. Nb4 f4 42. Ra7 Ne5 43. Ra5 g4 44. Be4 Bh5 45. Kf1 Kg5 46. Rxa3 Kh4 47. Ra7 g3 48. fxg3+ Kxg3 49. Rg7+ Bg4 0-1


[Site "https://www.chess.com"]

[Event "Titled Tuesday Blitz January 03 Early 2023"]
[White "Matveeva, Olga"]
[Black "Winkels, Marcel"]
[WhiteFideId "24107018"]
[BlackFideId "1003887"]
[WhiteElo "2128"]
[BlackElo "1960"]
[Result "1-0"]
[Round "08"]
[TimeControl "180+2"]
[Date "2023.01.03"]
[WhiteClock "0:00:42"]
[BlackClock "0:00:02"]

1. d4 Nf6 2. c4 g6 3. Nf3 d5 4. g3 dxc4 5. Bg2 Bg7 6. O-O O-O 7. Na3 Nbd7 8. Nxc4 Nb6 9. Nce5 Be6 10. e3 Nc4 11. Nxc4 Bxc4 12. Re1 Nd7 13. Bd2 e5 14. Qc2 Ba6 15. Bc3 exd4 16. Bxd4 c5 17. Bxg7 Kxg7 18. Rad1 Qc7 19. Qc3+ Kg8 20. Ng5 Rad8 21. h4 Qe5 22. Qc2 Nf6 23. b3 Nd5 24. Ne4 b6 25. Rd2 Nb4 26. Qc1 Nd3 27. Qd1 Rde8 28. Rxd3 Bxd3 29. Qxd3 h5 30. Rd1 1-0


[Site "https://www.chess.com"]

[Event "Titled Tuesday Blitz January 03 Early 2023"]
[White "Vargas, Mauricio"]
[Black "Slovineanu"]
[WhiteFideId "4404572"]
[WhiteElo "2035"]
[BlackElo "2294"]
[Result "0-1"]
[Round "08"]
[TimeControl "180+2"]
[Date "2023.01.03"]
[WhiteClock "0:00:20"]
[BlackClock "0:01:12"]

1. e4 e5 2. g3 f5 3. Bg2 d6 4. d3 c6 5. Nc3 Nf6 6. f4 exf4 7. Bxf4 Be7 8. e5 dxe5 9. Bxe5 O-O 10. Nf3 Ng4 11. Bf4 Bc5 12. Qd2 Re8+ 13. Ne2 Bf2+ 14. Kd1 Be3 15. Bxe3 Nxe3+ 16. Kc1 Nxg2 17. Nf4 Nxf4 18. gxf4 Be6 19. Ng5 Qd5 20. Rg1 h6 21. Nxe6 Qxe6 22. Qc3 Qe3+ 0-1


[Site "https://www.chess.com"]

[Event "Titled Tuesday Blitz January 03 Early 2023"]
[White "Mohammadian, Mohammad"]
[Black "Bobomurodova, Maftuna"]
[WhiteFideId "12566055"]
[BlackFideId "14207400"]
[WhiteElo "1398"]
[BlackElo "1946"]
[Result "0-1"]
[Round "08"]
[TimeControl "180+2"]
[Date "2023.01.03"]
[WhiteClock "0:01:26"]
[BlackClock "0:01:47"]

1. e4 d5 2. exd5 Nf6 3. Nc3 Nxd5 4. Nxd5 Qxd5 5. d4 Nc6 6. Nf3 Bg4 7. Be2 O-O-O 8. c3 g6 9. Be3 Kb8 10. O-O Bg7 11. Qc2 h5 12. Rad1 h4 13. h3 Bf5 14. Bd3 Bxd3 15. Qxd3 e5 16. c4 Qa5 17. d5 Ne7 18. Qb3 Nf5 19. Bg5 Rd6 20. Bd2 Qb6 21. Qxb6 axb6 22. Bc3 f6 23. b4 Rhd8 24. a4 Bh6 25. Rb1 Bf4 26. a5 g5 27. axb6 cxb6 28. c5 bxc5 29. bxc5 Rxd5 30. Ba5 Rc8 31. Bb6 e4 32. Nh2 e3 33. fxe3 Bxe3+ 34. Kh1 Ng3# 0-1


[Site "https://www.chess.com"]

[Event "Titled Tuesday Blitz January 03 Early 2023"]
[White "Larina, Maria"]
[Black "Gonzalez, Francisco Silva"]
[WhiteFideId "24113182"]
[BlackFideId "1512285"]
[WhiteElo "1948"]
[BlackElo "2021"]
[Result "0-1"]
[Round "08"]
[TimeControl "180+2"]
[Date "2023.01.03"]
[WhiteClock "0:00:13"]
[BlackClock "0:02:20"]

1. e4 e5 2. Nf3 Nc6 3. Nc3 Nf6 4. Bb5 Bb4 5. O-O O-O 6. d3 d6 7. Ne2 Bc5 8. c3 Bb6 9. Ng3 Bg4 10. h3 Nh5 11. hxg4 Nxg3 12. Re1 h5 13. gxh5 Nxh5 14. d4 Nf4 15. Bxf4 exf4 16. Qd2 g5 17. Bc4 Kg7 18. Nh2 Rh8 19. g3 fxg3 20. fxg3 Ne5 21. Be2 Qe7 22. Rf1 f6 23. Rf5 Rh6 24. Kg2 Rah8 25. Rh1 Nc4 26. Qc1 Qxe4+ 27. Rf3 g4 28. Nxg4 Rxh1 29. Qxh1 Qxe2+ 0-1


[Site "https://www.chess.com"]

[Event "Titled Tuesday Blitz January 03 Early 2023"]
[White "Ivanova, Karina"]
[Black "Wilson, Elvin"]
[WhiteFideId "24139750"]
[BlackFideId "2014874"]
[WhiteElo "2085"]
[BlackElo "2183"]
[Result "1-0"]
[Round "08"]
[TimeControl "180+2"]
[Date "2023.01.03"]
[WhiteClock "0:00:04"]
[BlackClock "0:00:08"]

1. Nf3 Nf6 2. g3 c5 3. c4 e6 4. d4 cxd4 5. Nxd4 Bb4+ 6. Bd2 Be7 7. Bg2 Nc6 8. Bc3 O-O 9. O-O d5 10. Nxc6 bxc6 11. e3 a5 12. Nd2 Ba6 13. Qa4 Bb7 14. Rfd1 Qb6 15. Rac1 Rfc8 16. Nb3 Bb4 17. c5 Qb5 18. Qxb5 cxb5 19. Bxf6 gxf6 20. a3 a4 21. axb4 axb3 22. Bf1 Bc6 23. Ra1 Ra2 24. Rxa2 bxa2 25. Ra1 Ra8 26. Bd3 Ra4 27. Bc2 Rxb4 28. b3 d4 29. exd4 Rxd4 30. Rxa2 b4 31. Ra6 Bf3 32. Ra2 Kg7 33. Kf1 Rd5 34. Ra5 Rd2 35. Ra2 f5 36. h4 Kf6 37. Ke1 Re2+ 38. Kf1 Re5 39. Ra5 Rd5 40. Ke1 Re5+ 41. Kd2 Re2+ 42. Kd3 Rxf2 43. Ke3 Rxc2 44. Kxf3 Rc3+ 45. Kf4 Rxb3 46. Rb5 Rc3 47. Rxb4 Rxc5 48. Rb6 Rc3 49. Ra6 h6 50. h5 Rc4+ 51. Kf3 Rg4 52. Ra8 Rg5 53. Rh8 Rxh5 54. g4 fxg4+ 55. Kxg4 Rg5+ 56. Kf4 h5 57. Rh6+ Kg7 58. Kxg5 e5 59. Rxh5 f6+ 60. Kf5 1-0


[Site "https://www.chess.com"]

[Event "Titled Tuesday Blitz January 03 Early 2023"]
[White "Osiecki, Stanislaw"]
[Black "Martin, Lewis"]
[WhiteFideId "1102990"]
[BlackFideId "410551"]
[WhiteElo "2055"]
[BlackElo "2135"]
[Result "1-0"]
[Round "08"]
[TimeControl "180+2"]
[Date "2023.01.03"]
[WhiteClock "0:01:38"]
[BlackClock "0:01:11"]

1. e4 c5 2. c3 d5 3. e5 d4 4. Bc4 e6 5. Nf3 Nc6 6. O-O g6 7. d3 Bg7 8. Bf4 Nge7 9. Re1 O-O 10. Nbd2 a6 11. a4 Rb8 12. Ne4 b5 13. axb5 axb5 14. Bb3 Qb6 15. Nf6+ Kh8 16. Qd2 Bb7 17. Bh6 Nf5 18. Bxg7+ Kxg7 19. Nd7 Qc7 20. Nxb8 Rxb8 21. Qg5 Nce7 22. Qf6+ Kg8 23. Ng5 Rf8 24. Nxe6 fxe6 25. Bxe6+ 1-0


[Site "https://www.chess.com"]